[ AOE2 MATCH · #495924012 ]
UnrankedBritons vs Slavs
Player's team · WIN
Rival team · LOSS
[ REPLAY ANALYSIS · EXTRACTED FROM THE RECORDED GAME ]
Feudal
8:52
Castle
23:03
Imperial
40:43
| APM avg | 67.4 |
| APM peak | 118 |
| eAPM avg | 36.2 |
| Villagers / military | 151 / 334 |
Focus
⚔️ 60.6% · 🌾 39.4%
Spearman ×204 · Archer ×73 · Mangonel ×13 · Militia ×9 · Longbowman ×9 · Trebuchet (Packed) ×9
Feudal
8:51
Castle
25:07
Imperial
38:31
| APM avg | 49.6 |
| APM peak | 84 |
| eAPM avg | 22.6 |
| Villagers / military | 181 / 278 |
Focus
⚔️ 33.6% · 🌾 66.4%
Knight ×130 · Scout Cavalry ×74 · Scorpion ×58 · Trebuchet (Packed) ×5 · Monk ×3 · Boyar ×3
Match map
Initial resources + every placement click. Lines = walls · curves = elevation contours. ◆ gold · ⬟ stone · ● berries · ✦ relic · ◌ wall gap
Your base· ✓ Closed at 23:03 · 14t walls · 1 gate(s)
Couch Dog's base· ✓ Closed at 25:07 · 7t walls · 2 gate(s)
Smoothed initial terrain · ◌ = detected wall gap · hover for details
Inputs per minute
— Brauer - - Couch Dog
Build order — Brauer
First 150 of 688 actions detected
| 0:01 | Queue | Villager (Male) |
| 0:01 | Queue | Villager (Male) |
| 0:01 | Queue | Villager (Male) |
| 0:01 | Queue | Villager (Male) |
| 0:03 | Build | House |
| 0:05 | Build | House |
| 0:13 | Build | House |
| 1:26 | Build | Lumber Camp |
| 1:27 | Queue | Villager (Male) |
| 1:59 | Queue | Villager (Male) |
| 2:22 | Queue | Villager (Male) |
| 2:41 | Queue | Villager (Male) |
| 2:56 | Queue | Villager (Male) |
| 3:24 | Build | House |
| 3:38 | Queue | Villager (Male) |
| 3:39 | Queue | Villager (Male) |
| 3:39 | Queue | Villager (Male) |
| 3:39 | Queue | Villager (Male) |
| 3:51 | Build | Mill |
| 3:56 | Build | House |
| 4:20 | Queue | Villager (Male) |
| 4:50 | Queue | Villager (Male) |
| 5:17 | Queue | Villager (Male) |
| 5:33 | Queue | Villager (Male) |
| 5:34 | Research | Loom |
| 6:42 | Research | Feudal Age |
| 6:42 | Research | Feudal Age |
| 6:51 | Build | Palisade Wall |
| 7:01 | Build | Barracks |
| 7:39 | Queue | Villager (Male) |
| 8:52 | Age | Feudal Age |
| 8:54 | Build | Stable |
| 8:59 | Research | Double-Bit Axe |
| 9:02 | Queue | Villager (Male) |
| 9:04 | Queue | Spearman |
| 9:20 | Queue | Villager (Male) |
| 9:24 | Research | Horse Collar |
| 9:35 | Build | House |
| 9:44 | Queue | Villager (Male) |
| 9:50 | Queue | Scout Cavalry |
| 9:51 | Queue | Scout Cavalry |
| 9:59 | Build | Palisade Gate |
| 10:02 | Build | House |
| 10:08 | Build | Palisade Wall |
| 10:08 | Build | Palisade Wall |
| 10:29 | Queue | Scout Cavalry |
| 10:30 | Queue | Villager (Male) |
| 10:46 | Build | Mining Camp |
| 10:46 | Queue | Villager (Male) |
| 10:58 | Queue | Scout Cavalry |
| 11:03 | Build | House |
| 11:08 | Queue | Villager (Male) |
| 11:17 | Queue | Villager (Male) |
| 11:25 | Queue | Villager (Male) |
| 11:28 | Build | Archery Range |
| 11:34 | Queue | Villager (Male) |
| 11:38 | Queue | Villager (Male) |
| 11:45 | Queue | Spearman |
| 11:53 | Queue | Scout Cavalry |
| 11:53 | Queue | Scout Cavalry |
| 12:32 | Queue | Scout Cavalry |
| 12:32 | Queue | Scout Cavalry |
| 12:33 | Queue | Archer |
| 12:33 | Queue | Archer |
| 12:51 | Queue | Spearman |
| 12:59 | Queue | Villager (Male) |
| 13:01 | Build | Farm |
| 13:02 | Queue | Archer |
| 13:10 | Build | Palisade Wall |
| 13:13 | Build | Palisade Wall |
| 13:16 | Build | Palisade Wall |
| 13:18 | Build | Palisade Wall |
| 13:25 | Queue | Spearman |
| 13:29 | Queue | Archer |
| 13:43 | Queue | Villager (Male) |
| 13:49 | Build | Palisade Wall |
| 13:52 | Build | Palisade Wall |
| 13:58 | Build | House |
| 14:01 | Queue | Archer |
| 14:02 | Queue | Archer |
| 14:13 | Build | Farm |
| 14:13 | Build | Farm |
| 14:13 | Build | Farm |
| 14:14 | Build | Farm |
| 14:14 | Build | Farm |
| 14:38 | Queue | Archer |
| 14:47 | Queue | Villager (Male) |
| 14:47 | Queue | Villager (Male) |
| 14:49 | Build | Farm |
| 14:52 | Build | Farm |
| 14:59 | Queue | Villager (Male) |
| 15:03 | Build | Farm |
| 15:08 | Queue | Spearman |
| 15:12 | Queue | Villager (Male) |
| 15:26 | Queue | Villager (Male) |
| 15:33 | Build | Lumber Camp |
| 15:53 | Queue | Villager (Male) |
| 15:56 | Build | House |
| 16:01 | Research | Wheelbarrow |
| 16:10 | Build | Palisade Wall |
| 16:13 | Queue | Villager (Male) |
| 16:16 | Build | Blacksmith |
| 16:21 | Build | Lumber Camp |
| 16:32 | Queue | Archer |
| 16:33 | Queue | Archer |
| 16:39 | Queue | Villager (Male) |
| 16:41 | Build | Farm |
| 17:05 | Research | Fletching |
| 17:08 | Queue | Spearman |
| 17:13 | Queue | Villager (Male) |
| 17:15 | Build | Farm |
| 17:16 | Build | Farm |
| 17:17 | Build | Farm |
| 17:19 | Queue | Villager (Male) |
| 17:21 | Build | Farm |
| 17:29 | Queue | Archer |
| 17:37 | Queue | Spearman |
| 17:43 | Queue | Villager (Male) |
| 17:45 | Build | House |
| 17:52 | Queue | Archer |
| 18:14 | Queue | Villager (Male) |
| 18:23 | Queue | Spearman |
| 18:25 | Build | Farm |
| 18:27 | Build | Farm |
| 18:31 | Queue | Archer |
| 18:35 | Build | Market |
| 18:41 | Queue | Spearman |
| 18:44 | Queue | Villager (Male) |
| 18:47 | Build | House |
| 18:48 | Build | House |
| 18:59 | Queue | Spearman |
| 19:00 | Queue | Archer |
| 19:10 | Build | Farm |
| 19:46 | Build | House |
| 19:52 | Queue | Villager (Male) |
| 20:15 | Queue | Archer |
| 20:23 | Research | Castle Age |
| 20:52 | Queue | Spearman |
| 21:17 | Queue | Spearman |
| 21:21 | Research | Scale Mail Armor |
| 21:22 | Queue | Spearman |
| 21:23 | Queue | Villager (Male) |
| 21:26 | Build | House |
| 21:28 | Build | House |
| 21:30 | Build | Palisade Wall |
| 21:31 | Research | Gold Mining |
| 21:35 | Queue | Archer |
| 21:48 | Build | Palisade Wall |
| 21:56 | Queue | Spearman |
| 21:57 | Queue | Archer |
Build order — Couch Dog
First 150 of 573 actions detected
| 0:01 | Queue | Villager (Male) ×4 |
| 0:02 | Build | House |
| 0:06 | Build | House |
| 1:23 | Queue | Villager (Male) |
| 1:24 | Queue | Villager (Male) |
| 1:49 | Queue | Villager (Male) |
| 1:50 | Queue | Villager (Male) |
| 1:54 | Build | Lumber Camp |
| 2:21 | Queue | Villager (Male) |
| 2:43 | Queue | Villager (Male) |
| 2:44 | Queue | Villager (Male) |
| 2:51 | Queue | Villager (Male) |
| 2:51 | Queue | Villager (Male) |
| 3:33 | Queue | Villager (Male) |
| 3:33 | Queue | Villager (Male) |
| 4:00 | Build | House |
| 4:01 | Build | House |
| 4:07 | Queue | Villager (Male) |
| 4:07 | Queue | Villager (Male) |
| 4:09 | Queue | Villager (Male) |
| 4:09 | Queue | Villager (Male) |
| 4:09 | Queue | Villager (Male) |
| 4:28 | Queue | Villager (Male) |
| 4:29 | Queue | Villager (Male) |
| 4:51 | Queue | Villager (Male) |
| 5:27 | Queue | Villager (Male) |
| 5:35 | Build | Mill |
| 5:41 | Build | Palisade Wall |
| 5:43 | Build | Palisade Wall |
| 6:16 | Queue | Villager (Male) |
| 6:41 | Research | Feudal Age |
| 7:05 | Build | Barracks |
| 7:48 | Queue | Villager (Male) |
| 7:53 | Research | Loom |
| 8:51 | Age | Feudal Age |
| 8:59 | Build | Stable |
| 9:02 | Queue | Villager (Male) |
| 9:10 | Research | Double-Bit Axe |
| 9:12 | Research | Horse Collar |
| 9:24 | Queue | Scout Cavalry |
| 9:36 | Queue | Villager (Male) |
| 9:54 | Build | Farm |
| 9:56 | Queue | Villager (Male) |
| 9:58 | Queue | Scout Cavalry |
| 10:05 | Queue | Villager (Male) |
| 10:26 | Queue | Scout Cavalry |
| 10:34 | Build | Blacksmith |
| 10:42 | Queue | Villager (Male) |
| 10:49 | Build | Farm |
| 10:58 | Queue | Scout Cavalry |
| 11:18 | Queue | Villager (Male) |
| 11:23 | Build | House |
| 11:24 | Build | House |
| 11:31 | Queue | Scout Cavalry |
| 11:42 | Build | Farm |
| 11:43 | Build | Farm |
| 11:49 | Queue | Villager (Male) |
| 11:51 | Queue | Villager (Male) |
| 12:02 | Build | Farm |
| 12:20 | Queue | Spearman |
| 12:35 | Research | Forging |
| 12:40 | Build | Farm |
| 12:41 | Build | Farm |
| 12:51 | Queue | Villager (Male) |
| 13:00 | Build | Farm |
| 13:15 | Queue | Villager (Male) |
| 13:26 | Queue | Scout Cavalry |
| 13:36 | Queue | Villager (Male) |
| 13:39 | Build | Farm |
| 13:45 | Queue | Villager (Male) |
| 13:50 | Build | Farm |
| 13:52 | Build | Farm |
| 13:59 | Queue | Villager (Male) |
| 14:08 | Queue | Villager (Male) |
| 14:19 | Queue | Spearman |
| 14:25 | Build | Farm |
| 14:25 | Queue | Villager (Male) |
| 14:35 | Queue | Villager (Male) |
| 14:43 | Build | Farm |
| 14:44 | Build | Farm |
| 14:51 | Queue | Scout Cavalry |
| 15:02 | Build | Farm |
| 15:17 | Build | Lumber Camp |
| 15:22 | Queue | Scout Cavalry |
| 15:25 | Queue | Villager (Male) |
| 15:31 | Build | Farm |
| 15:40 | Queue | Scout Cavalry |
| 15:41 | Queue | Villager (Male) |
| 15:47 | Build | House |
| 16:01 | Research | Scale Barding Armor |
| 16:10 | Build | House |
| 16:15 | Build | Farm |
| 16:21 | Build | Farm |
| 16:22 | Queue | Villager (Male) |
| 16:40 | Build | Stable |
| 16:42 | Queue | Scout Cavalry |
| 16:43 | Queue | Villager (Male) |
| 16:57 | Build | House |
| 17:06 | Queue | Villager (Male) |
| 17:08 | Queue | Villager (Male) |
| 17:16 | Build | Mining Camp |
| 17:20 | Queue | Scout Cavalry |
| 17:24 | Build | House |
| 17:39 | Queue | Scout Cavalry |
| 17:44 | Build | House |
| 17:47 | Build | Farm |
| 18:01 | Queue | Scout Cavalry |
| 18:01 | Queue | Scout Cavalry |
| 18:07 | Build | House |
| 18:19 | Build | Farm |
| 18:25 | Queue | Scout Cavalry |
| 18:25 | Queue | Scout Cavalry |
| 18:32 | Queue | Villager (Male) |
| 18:35 | Build | Farm |
| 18:41 | Build | Market |
| 18:47 | Queue | Scout Cavalry |
| 19:00 | Queue | Villager (Male) |
| 19:09 | Build | Lumber Camp |
| 19:21 | Queue | Villager (Male) |
| 19:26 | Research | Bloodlines |
| 19:29 | Queue | Scout Cavalry |
| 19:30 | Queue | Villager (Male) |
| 19:36 | Build | Farm |
| 19:45 | Build | Palisade Gate |
| 19:51 | Research | Wheelbarrow |
| 19:51 | Research | Wheelbarrow |
| 19:54 | Queue | Villager (Male) |
| 20:15 | Queue | Villager (Male) |
| 20:41 | Queue | Scout Cavalry |
| 20:41 | Queue | Scout Cavalry |
| 20:57 | Build | Mill |
| 21:02 | Queue | Scout Cavalry |
| 21:02 | Queue | Scout Cavalry |
| 21:03 | Queue | Villager (Male) |
| 21:27 | Build | Palisade Wall |
| 21:28 | Build | Palisade Wall |
| 21:33 | Build | Palisade Wall |
| 21:36 | Build | Palisade Wall |
| 22:18 | Research | Castle Age |
| 22:57 | Queue | Scout Cavalry |
| 22:57 | Queue | Scout Cavalry |
| 23:30 | Research | Gold Mining |
| 23:33 | Queue | Scout Cavalry |
| 23:33 | Queue | Scout Cavalry |
| 23:39 | Build | Palisade Gate |
| 23:41 | Build | Palisade Wall |
| 23:41 | Build | Palisade Wall |
| 24:05 | Queue | Scout Cavalry |
| 24:05 | Queue | Scout Cavalry |
| 24:15 | Queue | Villager (Male) |
Match timeline
| 5:41 | Couch Dog · wall_segment Palisade Wall x1 |
| 5:43 | Couch Dog · wall_segment Palisade Wall x1 |
| 6:51 | Brauer · wall_segment Palisade Wall x1 |
| 7:01 | Brauer · first_building Barracks |
| 7:05 | Couch Dog · first_building Barracks |
| 8:51 | Couch Dog · age_up feudal |
| 8:52 | Brauer · age_up feudal |
| 8:54 | Brauer · first_building Stable |
| 8:59 | Couch Dog · first_building Stable |
| 10:08 | Brauer · wall_segment Palisade Wall x1 |
| 10:08 | Brauer · wall_segment Palisade Wall x1 |
| 11:28 | Brauer · first_building Archery Range |
| 13:10 | Brauer · wall_segment Palisade Wall x1 |
| 13:13 | Brauer · wall_segment Palisade Wall x1 |
| 13:16 | Brauer · wall_segment Palisade Wall x1 |
| 13:18 | Brauer · wall_segment Palisade Wall x1 |
| 13:49 | Brauer · wall_segment Palisade Wall x1 |
| 13:52 | Brauer · wall_segment Palisade Wall x1 |
| 16:10 | Brauer · wall_segment Palisade Wall x1 |
| 19:25 | Couch Dog · first_market_sell 100 wood |
| 19:54 | Brauer · first_market_sell 100 wood |
| 19:55 | Brauer · first_market_buy 100 food |
| 21:27 | Couch Dog · wall_segment Palisade Wall x1 |
| 21:28 | Couch Dog · wall_segment Palisade Wall x1 |
| 21:30 | Brauer · wall_segment Palisade Wall x1 |
| 21:33 | Couch Dog · wall_segment Palisade Wall x1 |
| 21:36 | Couch Dog · wall_segment Palisade Wall x1 |
| 21:47 | Couch Dog · first_market_buy 100 food |
| 21:48 | Brauer · wall_segment Palisade Wall x1 |
| 22:17 | Brauer · wall_segment Palisade Wall x1 |
| 22:26 | Brauer · wall_segment Palisade Wall x1 |
| 23:03 | Brauer · age_up castle |
| 23:41 | Couch Dog · wall_segment Palisade Wall x1 |
| 23:41 | Couch Dog · wall_segment Palisade Wall x1 |
| 25:07 | Couch Dog · age_up castle |
| 26:55 | Couch Dog · first_building Siege Workshop |
| 28:10 | Brauer · first_building Siege Workshop |
| 30:04 | Brauer · first_building Monastery |
| 32:40 | Brauer · first_building Castle |
| 34:32 | Couch Dog · first_building Monastery |
| 38:31 | Couch Dog · age_up imperial |
| 40:43 | Brauer · age_up imperial |
| 41:56 | Couch Dog · first_building Castle |
| 56:30 | Couch Dog · resign |
[ AI ANALYSIS · 1 CREDIT ]
What really happened in this match?
Wolo.gg analyzes every decision: build order, eco, micro, common mistakes by bracket. Personalized analysis on WhatsApp or Discord in 30 seconds.
Civ guide
Britons
Perfil
Jugador #1840848